 Dungeon Sprint DCSS version 0.22.1-1-ga44c0e56f4 (webtiles) character file.

11580 MuseOD the Unseen (level 11, -6/56 HPs)
             Began as a Spriggan Enchanter on Sept 22, 2018.
             Was the Champion of Dithmenos.
             Mangled by a golden dragon (8 damage)
             ... in the Dungeon (Sprint II: "The Violet Keep of Menkaure").
             The game lasted 00:05:32 (1211 turns).

MuseOD the Unseen (Spriggan Enchanter)              Turns: 1211, Time: 00:05:34

Health: -6/56      AC:  2    Str:  4    XL:     11   Next: 51%
Magic:  30/31      EV: 18    Int: 24    God:    Dithmenos [******]
Gold:   549        SH:  0    Dex: 18    Spells: 31/40 levels left

rFire    . . .     SeeInvis +   a - +1 dagger
rCold    . . .     Gourm    .   (shield restricted)
rNeg     . . .     Faith    .   b - +0 robe
rPois    .         Spirit   .   (helmet restricted)
rElec    .         Reflect  .   (no cloak)
rCorr    .         Harm     .   (gloves unavailable)
MR       +....     NoTele   +   (boots unavailable)
Stlth    ++++++++++             (no amulet)
HPRegen  0.18/turn              c - ring "Ovysm" {Wiz Int+5}
MPRegen  0.22/turn              (no ring)

@: wreathed by umbra, very quick
A: very small, unfitting armour, see invisible, blink, herbivore, speed 3, slow
metabolism 2, MP-powered wands
a: Blink, Shadow Step, Shadow Form, Renounce Religion


You were in the Dungeon.
You worshipped Dithmenos.
Dithmenos was exalted by your worship.
You were not hungry.

You visited 1 branch You collected 1492 gold pieces.
You spent 943 gold pieces at shops.

Inventory:

Hand Weapons
 a - a +1 dagger (weapon)
Armour
 b - a +0 robe (worn)
Jewellery
 c - the ring "Ovysm" (left hand) {Wiz Int+5}
   (You bought it in a shop in the Dungeon)

   [ring of wizardry]

   It improves your spell success rate.
   It affects your intelligence (+5).
Scrolls
 j - a scroll of blinking
Potions
 e - 7 potions of curing
 f - 2 potions of heal wounds
 g - a potion of haste
 h - 3 potions of flight {unknown}
Comestibles
 d - 2 rations


   Skills:
 - Level 5.4 Fighting
 + Level 16.5 Short Blades
 - Level 3.0 Dodging
 + Level 20.7 Stealth
 + Level 15.1 Spellcasting
 + Level 15.3 Hexes


You had 31 spell levels left.
You knew the following spells:

 Your Spells              Type           Power        Failure   Level  Hunger
a - Corona                Hex            #######      0%          1    None
b - Ensorcelled Hibernat  Hex/Ice        ######       1%          2    None
c - Confuse               Hex            #######.     0%          3    None
d - Dazzling Spray        Conj/Hex       ######       1%          3    None

Your spell library contained the following spells:

 Spells                   Type           Power        Failure   Level  Hunger
 Tukima's Dance           Hex            #######.     0%          3    None


Dungeon Overview and Level Annotations

Branches:
Dungeon (1/1)

Altars:
Cheibriados
Dithmenos
Elyvilon
Fedhas
Gozag
Hepliaklqana
Kikubaaqudgha
Makhleb
Nemelex Xobeh
Okawaru
Qazlal
Ru
Sif Muna
Trog
Uskayaw
Vehumet
Wu Jian
Xom
Yredelemnul
Zin
The Shining One
Beogh
Jiyva
Lugonu

Shops:
D !?%[:[!*!?[?}!*=[=([*!=:!?[%

Annotations:
D exclusions: oklob plant and orange crystal statue


Innate Abilities, Weirdness & Mutations

You are very small and have problems with some larger weapons.
You are too small for most types of armour.
You have supernaturally acute eyesight. (SInv)
You are a herbivore.
You cover ground extremely quickly.
You need to consume almost no food.
You can translocate small distances at will.
You expend magic power (3 MP) to strengthen your wands.


Message History

Found 81 gold pieces.
A storm dragon, a golden dragon and a cacodemon come into view.
Unknown command.
A bone dragon, a deep elf high priest and a frost giant come into view.
The frost giant is wielding a battleaxe of freezing.
The helpless storm dragon fails to defend itself.
You stick the storm dragon like a pincushion!!!!!
You kill the storm dragon!
Dithmenos accepts your kill.
The storm dragon scales are intact enough to wear.
Your Spellcasting skill increases to level 15!
Your Hexes skill increases to level 15!
The deep elf high priest shouts!
The frost giant shouts!
The cacodemon shouts!
The golden dragon roars deafeningly!
The golden dragon bites you!!!
Ouch! That really hurt!
You emit a cloud of dark smoke.
The golden dragon claws you!
* * * LOW HITPOINT WARNING * * *
The golden dragon tramples you!
You die...

###########
#..)...'..#
#......#..####
#'######'##..# +##
#∩∩∩∩∩∩#÷.'.##§§§≈§§§
#∩∩∩∩∩∩#(÷### §§§≈≈§
#########..+ §§8≈§§
#.eD##÷).#### §≈§≈§
#C2D@§§))).≈## ≈§≈§
############≈≈#+++#+++
###########≈≈≈........
##........#≈≈≈≈.##'##.
##...⌠....#≈≈≈≈##...#
##..∩.∩...#≈≈≈≈#.##..#
##.∩.∩.∩..#≈≈####.####
##∩.∩.∩.∩.#≈##.###'###
##.∩...∩.∩#÷#...##.##.


You could see a bone dragon, a golden dragon, a frost giant, a cacodemon and a
deep elf high priest.

Vanquished Creatures
  Kirke (D)
  A storm dragon (D)
  A yaktaur captain (D)
  A fire dragon (D)
  An ice dragon (D)
  A centaur warrior (D)
  A skeletal warrior (D)
  2 death drakes (D)
  An elephant (D)
  2 spiny frogs (D)
  A yaktaur (D)
  A kobold demonologist (D)
  A hornet (D)
  5 polar bears (D)
  3 slime creatures (D)
  2 redbacks (D)
  4 neqoxecs (D)
  Menkaure (D)
  5 necrophages (D)
  A crocodile (D)
  An iron imp (D)
  3 worms (D)
  A spectral bat (D)
41 creatures vanquished.

Vanquished Creatures (others)
  A crocodile (D)
  A spectral bat (D)
2 creatures vanquished.

Grand Total: 43 creatures vanquished

Notes
Turn   | Place    | Note
-------+----------+-------------------------------------------
     0 | D        | MuseOD the Spriggan Enchanter began the quest for the Orb.
     0 | D        | Reached XP level 1. HP: 9/9 MP: 5/5
     1 | D        | Noticed a necrophage
     1 | D        | Noticed a necrophage
     1 | D        | Noticed a necrophage
     1 | D        | Noticed a necrophage
     7 | D        | Killed a necrophage
     7 | D        | Reached skill level 7 in Stealth
     7 | D        | Reached XP level 2. HP: 16/16 MP: 6/6
     7 | D        | Reached XP level 3. HP: 20/20 MP: 8/8
     7 | D        | Reached XP level 4. HP: 24/24 MP: 9/9
    14 | D        | Killed a necrophage
    14 | D        | Reached skill level 9 in Stealth
    14 | D        | Reached XP level 5. HP: 29/29 MP: 10/10
    18 | D        | Killed a necrophage
    18 | D        | Reached skill level 10 in Stealth
    24 | D        | Killed a necrophage
    24 | D        | Reached skill level 5 in Fighting
    24 | D        | Reached skill level 10 in Short Blades
    24 | D        | Reached skill level 11 in Stealth
    24 | D        | Reached XP level 6. HP: 27/35 MP: 11/11
    40 | D        | Noticed Menkaure
    47 | D        | Learned a level 3 spell: Confuse
    56 | D        | Killed Menkaure
    60 | D        | Learned a level 2 spell: Ensorcelled Hibernation
   323 | D        | Found a glowing golden altar of the Shining One.
   323 | D        | Found an ornate altar of the Wu Jian Council.
   324 | D        | Found a shimmering altar of Xom.
   324 | D        | Found a sacrificial altar of Ru.
   325 | D        | Found a basalt altar of Yredelemnul.
   325 | D        | Found a deep blue altar of Sif Muna.
   325 | D        | Found a stormy altar of Qazlal.
   325 | D        | Found a viscous altar of Jiyva.
   326 | D        | Found a glowing silver altar of Zin.
   326 | D        | Found a bloodstained altar of Trog.
   326 | D        | Found an ancient bone altar of Kikubaaqudgha.
   327 | D        | Found a hide-covered altar of Uskayaw.
   327 | D        | Found a corrupted altar of Lugonu.
   327 | D        | Found a shadowy altar of Dithmenos.
   328 | D        | Found a radiant altar of Vehumet.
   328 | D        | Found a burning altar of Makhleb.
   328 | D        | Found a white marble altar of Elyvilon.
   329 | D        | Found a sparkling altar of Nemelex Xobeh.
   329 | D        | Found a blossoming altar of Fedhas.
   330 | D        | Found an iron altar of Okawaru.
   330 | D        | Found an opulent altar of Gozag.
   331 | D        | Noticed a yaktaur
   331 | D        | Noticed a hornet
   331 | D        | Noticed a polar bear
   332 | D        | Noticed a polar bear
   332 | D        | Noticed a polar bear
   340 | D        | Killed a polar bear
   340 | D        | Reached skill level 12 in Stealth
   340 | D        | Reached skill level 5 in Spellcasting
   340 | D        | Reached skill level 5 in Hexes
   340 | D        | Reached XP level 7. HP: 34/39 MP: 9/15
   346 | D        | Killed a polar bear
   346 | D        | Reached skill level 13 in Stealth
   349 | D        | Killed a polar bear
   355 | D        | Killed a yaktaur
   355 | D        | Reached skill level 14 in Stealth
   355 | D        | Reached XP level 8. HP: 22/44 MP: 12/20
   360 | D        | Killed a hornet
   369 | D        | Found a hazy altar of Hepliaklqana.
   369 | D        | Found a snail-covered altar of Cheibriados.
   370 | D        | Found a roughly hewn altar of Beogh.
   376 | D        | Became a worshipper of Dithmenos the Shadowed
   388 | D        | Noticed a death yak
   395 | D        | Noticed a spiny frog
   396 | D        | Noticed a spiny frog
   397 | D        | Killed a spiny frog
   399 | D        | Killed a spiny frog
   399 | D        | Reached skill level 15 in Stealth
   407 | D        | Noticed a deep elf master archer
   413 | D        | Reached * piety under Dithmenos
   413 | D        | Reached skill level 10 in Hexes
   413 | D        | Reached XP level 9. HP: 29/47 MP: 19/23
   415 | D        | Reached skill level 10 in Spellcasting
   536 | D        | Noticed a death drake
   538 | D        | Noticed a death drake
   543 | D        | Noticed a crystal guardian
   544 | D        | Killed a death drake
   544 | D        | Reached skill level 16 in Stealth
   548 | D        | Killed a death drake
   548 | D        | Reached ** piety under Dithmenos
   584 | D        | Reached skill level 17 in Stealth
   586 | D        | Gained mutation: You are weak. (Str -2) [a neqoxec]
   597 | D        | Gained mutation: You are dopey. (Int -2) [a neqoxec]
   599 | D        | Reached *** piety under Dithmenos
   605 | D        | Noticed an orange crystal statue
   629 | D        | Found Suwnegot's Food Shop.
   630 | D        | Found Reidumn's Antique Armour Boutique.
   630 | D        | Found Neegosib's Book Shop.
   630 | D        | Found Basmiuh's Distillery.
   630 | D        | Found Jelaon's Antique Armour Boutique.
   630 | D        | Found Roleroef's Jewellery Boutique.
   630 | D        | Found Ziolijou's Jewellery Shop.
   630 | D        | Found Peduyc's Antique Weapon Shop.
   638 | D        | Reached **** piety under Dithmenos
   639 | D        | Found Wuabben's Gadget Shop.
   639 | D        | Found Vyutuest's Magic Scroll Boutique.
   640 | D        | Found Logafoph's Magic Scroll Boutique.
   641 | D        | Found Gica's Distillery.
   641 | D        | Found Gazxics's Assorted Antiques.
   641 | D        | Noticed an oklob plant
   642 | D        | Found Hyarymm's Antique Armour Shop.
   642 | D        | Found Gokkuat's Food Boutique.
   642 | D        | Found Ahoxe's Book Shoppe.
   643 | D        | Noticed an unseen horror
   650 | D        | Noticed an unseen horror
   667 | D        | Bought the ring "Ovysm" {Wiz Int+5} for 475 gold pieces
   669 | D        | Bought a potion of curing for 36 gold pieces
   669 | D        | Bought 2 potions of curing for 72 gold pieces
   669 | D        | Bought a potion of invisibility for 96 gold pieces
   669 | D        | Bought a potion of heal wounds for 60 gold pieces
   855 | D        | Noticed Kirke
   855 | D        | Noticed a yaktaur captain
   855 | D        | Noticed a skeletal warrior
   856 | D        | Noticed a centaur warrior
   858 | D        | Noticed an elephant
   859 | D        | Noticed a kobold demonologist
   860 | D        | Killed a skeletal warrior
   860 | D        | Reached XP level 10. HP: 47/51 MP: 21/27
   862 | D        | Killed Kirke
   862 | D        | Reached skill level 18 in Stealth
   863 | D        | Killed a yaktaur captain
   863 | D        | Reached skill level 15 in Short Blades
   865 | D        | Killed a centaur warrior
   865 | D        | Reached skill level 19 in Stealth
   866 | D        | Reached ***** piety under Dithmenos
   868 | D        | Killed an elephant
   868 | D        | Reached XP level 11. HP: 53/56 MP: 22/29
   894 | D        | Reached ****** piety under Dithmenos
   898 | D        | Noticed a fire dragon
   899 | D        | Noticed an ice dragon
   914 | D        | Killed an ice dragon
   914 | D        | Reached skill level 20 in Stealth
   935 | D        | Killed a fire dragon
   955 | D        | Found Yhyfa's Distillery.
   955 | D        | Found Zuqut's Magic Scroll Shop.
   956 | D        | Found Cotu's Antique Armour Shop.
   956 | D        | Found Qiwn's Magic Scroll Shoppe.
   956 | D        | Found Kazituar's Distillery.
   956 | D        | Found Arokh's Antique Armour Emporium.
   956 | D        | Found Biteomn's General Store.
   956 | D        | Found Idwa's Distillery.
   956 | D        | Found Unnounge's Antique Armour Boutique.
   956 | D        | Found Hecuivuqoh's Assorted Antiques.
   956 | D        | Found Ycugeos's Jewellery Shop.
   956 | D        | Found Peumiatt's Distillery.
   962 | D        | Bought a potion of curing for 36 gold pieces
   962 | D        | Bought a potion of curing for 36 gold pieces
   962 | D        | Bought a potion of mutation for 96 gold pieces
   962 | D        | Bought a potion of curing for 36 gold pieces
   962 | D        | Lost mutation: You are weak. (Str -2) [potion of mutation]
   962 | D        | Lost mutation: You are dopey. (Int -2) [potion of mutation]
   962 | D        | Gained mutation: You have an increased reservoir of magic.
                  | (+10% MP) [potion of mutation]
   962 | D        | Lost mutation: You have an increased reservoir of magic.
                  | (+10% MP) [potion of mutation]
   962 | D        | Gained mutation: You can translocate small distances at
                  | will. [potion of mutation]
   962 | D        | Gained mutation: You expend magic power (3 MP) to
                  | strengthen your wands. [potion of mutation]
  1205 | D        | Learned a level 3 spell: Dazzling Spray
  1209 | D        | Noticed a cacodemon
  1209 | D        | Noticed a golden dragon
  1209 | D        | Noticed a storm dragon
  1209 | D        | Noticed a frost giant
  1209 | D        | Noticed a deep elf high priest
  1209 | D        | Noticed a bone dragon
  1210 | D        | Killed a storm dragon
  1210 | D        | Reached skill level 15 in Spellcasting
  1210 | D        | Reached skill level 15 in Hexes
  1211 | D        | HP: 2/56 [golden dragon (17)]
  1211 | D        | Mangled by a golden dragon

Skill      XL: |  1  2  3  4  5  6  7  8  9 10 11 |
---------------+----------------------------------+-----
Fighting       | 3 4 5 |  5.4
Short Blades   | 6 8 10 11 12 13 14 15 16 | 16.5
Stealth        | 7 9 11 12 14 15 17 19 20 | 20.7
Spellcasting   | 5 7 9 12 13 15 | 15.1
Hexes          | 5 8 10 12 14 15 | 15.3
Dodging        | |  3.0

Action                   |  1- 3 |  4- 6 |  7- 9 | 10-12 || total
-------------------------+-------+-------+-------+-------++-------
Melee: Dagger            |     5 |    27 |    38 |    28 ||    98
 Cast: Confuse           |       |     3 |    18 |     3 ||    24
       Ensorcelled Hiber |       |       |     6 |       ||     6
Invok: Shadow Step       |       |       |     1 |       ||     1
  Use: Potion            |     1 |       |     3 |     1 ||     5
 Stab: Confused          |       |     3 |    13 |     4 ||    20
       Paralysed         |       |       |     1 |       ||     1
       Sleeping          |       |       |     8 |    14 ||    22
Armor: Robe              |       |     1 |       |       ||     1
Dodge: Dodged            |     1 |    11 |    11 |    10 ||    33
